 Dungeon Sprint DCSS version 0.27-a0-1378-gdefffd1ff6 (webtiles) character file.

Game seed: 2764185280142634528

1015 mhtbhm the Geomancer (level 8, -4/41 HPs)
             Began as a Gargoyle Earth Elementalist on June 29, 2021.
             Was a Believer of Vehumet.
             Shot with an arrow by a centaur warrior (19 damage)
             ... in the Dungeon (Sprint IX: "|||||||||||||||||||||||||||||").
             The game lasted 00:02:19 (577 turns).

mhtbhm the Geomancer (Gargoyle Earth Elementalist)   Turns: 577, Time: 00:02:19

Health: -4/41      AC: 13    Str: 13    XL:     8   Next: 21%
Magic:  21/21      EV: 13    Int: 17    God:    Vehumet [**....]
Gold:   0          SH:  0    Dex: 10    Spells: 11/26 levels left

rFire    . . .     SeeInvis .   l - +2 dire flail (vorpal)
rCold    . . .     Faith    .   (shield currently unavailable)
rNeg     + . .     Spirit   .   b - +0 robe
rPois    ∞         Reflect  .   n - +0 helmet
rElec    +         Harm     .   m - +0 cloak
rCorr    .         Rampage  .   (no gloves)
Will     .....     NoTele   +   (no boots)
Stlth    +++.......             (no amulet)
HPRegen  0.13/turn              o - +2 ring of protection
MPRegen  0.17/turn              p - +2 ring of protection

@: invisible
A: sickness immunity, AC +5, negative energy resistance 1, electricity
resistance, torment resistance 1, petrification resistance
a: Renounce Religion


You were in the Dungeon.
You worshipped Vehumet.
Vehumet was pleased with you.
You visited 1 branch

Inventory:

Hand Weapons
 l - a +2 vorpal dire flail (weapon)
Missiles
 i - 9 stones
Armour
 b - a +0 robe (worn)
 m - a +0 cloak (worn)
 n - a +0 helmet (worn)
Jewellery
 o - a +2 ring of protection (left hand)
 p - a +2 ring of protection (right hand)
Wands
 k - a wand of acid (6)
Scrolls
 h - 2 scrolls of blinking
 j - 2 scrolls of amnesia
Potions
 a - 2 potions of magic
 c - 5 potions of curing
 e - a potion of haste
 f - a potion of heal wounds
 g - a potion of berserk rage


   Skills:
 + Level 5.2 Dodging
 + Level 6.0 Stealth
 + Level 9.8 Spellcasting
 + Level 2.0 Transmutations
 + Level 13.4 Earth Magic
 + Level 2.1 Evocations


You had 11 spell levels left.
You knew the following spells:

 Your Spells              Type           Power      Damage    Failure   Level
a - Sandblast             Erth           100%       2d20      1%          1
b - Passwall              Tmut/Erth      28%        N/A       1%          2
c - Stone Arrow           Conj/Erth      62%        3d10      1%          3
d - Lee's Rapid Deconstr  Erth           26%        3d15*     1%          5
e - Petrify               Tmut/Erth      34%        N/A       3%          4

Your spell library contained the following spells:

 Spells                   Type           Power      Damage    Failure   Level
 Shock                    Conj/Air       32%        1d5       9%          1


Dungeon Overview and Level Annotations

Branches:
Dungeon (1/1)

Altars:
Cheibriados
Dithmenos
Elyvilon
Fedhas
Gozag
Hepliaklqana
Kikubaaqudgha
Makhleb
Nemelex Xobeh
Okawaru
Qazlal
Ru
Sif Muna
Trog
Uskayaw
Vehumet
Wu Jian
Xom
Yredelemnul
Zin
The Shining One
Beogh
Jiyva
Lugonu


Innate Abilities, Weirdness & Mutations

You are immune to sickness and miasma.
Your stone body is resilient. (AC +5)
You are immune to poison.
You resist negative energy. (rN+)
You are resistant to electric shocks. (rElec)
You are resistant to unholy torment.
You are immune to petrification.


Message History

Casting: Lee's Rapid Deconstruction (dangerous; 1% risk of failure)
Confirm with . or Enter, or press ? or * to list all spells.
You can't see any susceptible monsters within range! (Use Z to cast anyway.)
Casting: Lee's Rapid Deconstruction (dangerous; 1% risk of failure)
Confirm with . or Enter, or press ? or * to list all spells.
Aiming: Lee's Rapid Deconstruction (dangerous; 1% risk of failure)
Press: ? - help, Dir - move target An open door to the Dungeon.
The stone door frame shatters!
Unknown command.
Unknown command.
Unknown command.
You start resting.
Magic restored.
You see here a +0 mace.
There is an open door to the Dungeon here.
Things that are here:
a +0 dagger; a +0 robe; an orc corpse You see here a komodo dragon corpse.
Okay, then.
You open the door.
A hydra, a rime drake, a vampire mosquito and 3 centaur warriors come into view.
Unknown command.
The rime drake hisses angrily.
The vampire mosquito buzzes angrily.
The four-headed hydra roars!
The centaur warrior shouts!
The centaur warrior hits you but does no damage.
The centaur warrior kicks you but does no damage.
There is an open door here.
Unknown command.
The centaur warrior wields a +0 shortbow.
The centaur warrior shoots an arrow.
The arrow hits you!
The centaur warrior shoots an arrow.
The arrow hits you!!
Ouch! That really hurt!
* * * LOW HITPOINT WARNING * * *
Unknown command.
You feel much better.
The centaur warrior shoots an arrow.
The arrow hits you!
Unknown command.
You fade into invisibility!
The centaur warrior shoots an arrow.
The arrow hits you!!
You die... ▓▓▓▓▓▓▓▓▓▓▓▓▓▓▓▓▓▓▓▓▓▓▓▓▓ '..)...[.))†....@'ccDkyc+ ▓▓▓▓▓▓▓▓▓▓▓▓▓▓▓▓▓▓▓▓▓▓▓▓▓

You could see a four-headed hydra, 3 centaur warriors, a rime drake and a vampire mosquito.

Vanquished Creatures
  A gargoyle (D)
  A komodo dragon (D)
  A troll (D)
  A necrophage (D)
  A killer bee (D)
  A howler monkey (D)
  An orc wizard (D)
  A gnoll (D)
  An orc (D)
  A hobgoblin (D)
  A jackal (D)
  A ball python zombie (D)
  A frilled lizard (D)
  A jackal zombie (D)
  2 rats (D)
16 creatures vanquished.

Notes
Turn   | Place    | Note
-------+----------+-------------------------------------------
     0 | D        | mhtbhm the Gargoyle Earth Elementalist began the quest for
                  | the Orb.
     0 | D        | Reached XP level 1. HP: 10/10 MP: 3/3
     5 | D        | Reached skill level 1 in Transmutations
     5 | D        | Reached skill level 4 in Earth Magic
   174 | D        | Noticed a howler monkey
   174 | D        | Noticed a necrophage
   187 | D        | Killed a howler monkey
   188 | D        | Reached skill level 6 in Earth Magic
   188 | D        | Reached XP level 2. HP: 9/15 MP: 0/6
   188 | D        | Reached XP level 3. HP: 12/19 MP: 0/7
   195 | D        | Reached skill level 7 in Earth Magic
   195 | D        | Reached XP level 4. HP: 3/24 MP: 1/9
   203 | D        | Killed a necrophage
   204 | D        | Reached skill level 5 in Spellcasting
   204 | D        | Reached skill level 9 in Earth Magic
   204 | D        | Reached XP level 5. HP: 19/28 MP: 4/12
   409 | D        | Found a snail-covered altar of Cheibriados.
   409 | D        | Found a shadowy altar of Dithmenos.
   409 | D        | Found a white marble altar of Elyvilon.
   409 | D        | Found a blossoming altar of Fedhas.
   409 | D        | Found an opulent altar of Gozag.
   410 | D        | Found a hazy altar of Hepliaklqana.
   411 | D        | Found a viscous altar of Jiyva.
   412 | D        | Found an ancient bone altar of Kikubaaqudgha.
   413 | D        | Found a corrupted altar of Lugonu.
   414 | D        | Found a burning altar of Makhleb.
   415 | D        | Found a sparkling altar of Nemelex Xobeh.
   416 | D        | Found an iron altar of Okawaru.
   417 | D        | Found a stormy altar of Qazlal.
   418 | D        | Found a sacrificial altar of Ru.
   419 | D        | Found a shimmering blue altar of Sif Muna.
   420 | D        | Found a bloodstained altar of Trog.
   421 | D        | Found a hide-covered altar of Uskayaw.
   422 | D        | Found a radiant altar of Vehumet.
   423 | D        | Found an ornate altar of the Wu Jian Council.
   424 | D        | Found a shimmering altar of Xom.
   425 | D        | Found a basalt altar of Yredelemnul.
   426 | D        | Found a glowing silver altar of Zin.
   427 | D        | Found a glowing golden altar of the Shining One.
   430 | D        | Became a worshipper of Vehumet
   468 | D        | Noticed a gargoyle
   468 | D        | Noticed a komodo dragon
   468 | D        | Noticed a troll
   471 | D        | Killed a troll
   472 | D        | Reached skill level 11 in Earth Magic
   472 | D        | Reached skill level 1 in Evocations
   472 | D        | Reached XP level 6. HP: 31/32 MP: 12/16
   472 | D        | Killed a gargoyle
   472 | D        | Reached * piety under Vehumet
   472 | D        | Offered knowledge of Shock by Vehumet.
   472 | D        | Killed a komodo dragon
   473 | D        | Reached skill level 5 in Dodging
   473 | D        | Reached skill level 5 in Stealth
   473 | D        | Reached skill level 13 in Earth Magic
   473 | D        | Reached XP level 7. HP: 35/36 MP: 13/20
   473 | D        | Reached XP level 8. HP: 40/41 MP: 13/21
   477 | D        | Learned a level 2 spell: Passwall
   481 | D        | Learned a level 3 spell: Stone Arrow
   487 | D        | Learned a level 5 spell: Lee's Rapid Deconstruction
   492 | D        | Learned a level 4 spell: Petrify
   494 | D        | Reached ** piety under Vehumet
   573 | D        | Noticed a centaur warrior
   573 | D        | Noticed a centaur warrior
   573 | D        | Noticed a rime drake
   573 | D        | Noticed a four-headed hydra
   573 | D        | Noticed a centaur warrior
   577 | D        | Shot with an arrow by a centaur warrior

Illustrated notes

Levels and vault maps discovered:
D:        linesprint [early_d, line_temple, items_1, d_10, items_2, lair_1,
          lair_end, items_3, orc_1, orc_end, items_4, d_15, swamp_1, shoals_1,
          snake_1, spider_1, d_20, vaults_1, items_5, swamp_end, shoals_end,
          snake_end, spider_end, vaults_end, d_27, items_6, zot_1, zot_end,
          crypt_end, forest_end, elf_end, slime_end, tomb_end, abyss_end,
          pan_hell_end]

Skill      XL: |  1  2  3  4  5  6  7  8 |
---------------+-------------------------+-----
Transmutations | 1 2 |  2.0
Earth Magic    | 6 7 9 11 13 | 13.4
Dodging        | 2 3 4 5 |  5.2
Stealth        | 3 4 5 6 |  6.0
Spellcasting   | 3 5 7 9 |  9.8
Evocations     | 1 2 |  2.1

Action                   |  1- 3 |  4- 6 |  7- 9 || total
-------------------------+-------+-------+-------++-------
 Cast: Sandblast         |    15 |     6 |       ||    21
       Lee's Rapid Decon |       |       |     2 ||     2
Evoke: Wand              |       |     4 |       ||     4
  Use: Potion            |     1 |     2 |     2 ||     5
Armor: Robe              |     1 |     1 |     3 ||     5
Dodge: Dodged            |     4 |     4 |     1 ||     9

Table legend: (Time is in decaauts)
 A = Elapsed time spent in this place.
 B = Non-inter-level travel time spent in this place.
 C = Inter-level travel time spent in this place.
 D = Time resting spent in this place.
 E = Time spent auto-exploring this place.
 F = Levels seen in this place.
 G = Mean time per level.
                   A        B        C        D        E       F      G
               +--------+--------+--------+--------+--------+-----+--------+
         Total |    575 |    575 |      0 |    382 |     39 |   1 |  575.0 |
       Dungeon |    575 |    575 |      0 |    382 |     39 |   1 |  575.0 |
               +--------+--------+--------+--------+--------+-----+--------+

Top non-repeatable levels by time:
       D: 575 daAuts
